 Dungeon Crawl Stone Soup version 0.28.0-53-g5a82cb258f (webtiles) character file.

Game seed: 1919979333883724089

739 ChickenMitten the Chopper (level 8, -1/64 HPs)
             Began as a Formicid Fighter on July 31, 2022.
             Slain by an ogre
             ... wielding a +0 giant spiked club
              (21 damage)
             ... on level 5 of the Dungeon.
             The game lasted 00:08:54 (2943 turns).

ChickenMitten the Chopper (Formicid Fighter)        Turns: 2943, Time: 00:08:54

Health: -1/64      AC: 17    Str: 22    XL:     8   Next: 4%
Magic:  8/8        EV:  8    Int:  9    God:
Gold:   162        SH:  4    Dex: 10    Spells: 7/7 levels left

rFire   x . .      SeeInvis +   A - +0 hand axe (pain)
rCold   + + .      Faith    .   n - +0 buckler {rC+}
rNeg    . . .      Spirit   .   i - +0 chain mail
rPois   .          Reflect  .   (helmet unavailable)
rElec   .          Harm     .   g - +0 cloak
rCorr   .          Rampage  .   w - +0 pair of gloves
Will    .....                   x - +0 pair of boots
Stlth   ..........              (no amulet)
HPRegen 0.20/turn               p - +4 ring of protection
MPRegen 0.11/turn               j - ring of ice

@: no status effects
A: permanent stasis, dig shafts and tunnels, antennae 3, four strong arms
a: Dig, Shaft Self


You were on level 5 of the Dungeon.
You visited 1 branch of the dungeon, and saw 5 of its levels.

You collected 162 gold pieces.

Inventory:

Hand Weapons
 a - a +0 war axe
 A - a +0 hand axe of pain (weapon)
Armour
 b - a +0 scale mail
 c - a +0 buckler
 g - a +0 cloak (worn)
 i - a +0 chain mail (worn)
 n - a +0 buckler of cold resistance (worn)
 w - a +0 pair of gloves (worn)
 x - a +0 pair of boots (worn)
Magical Staves
 f - a staff of fire
 r - a staff of earth
Jewellery
 j - a ring of ice (right hand)
 p - a +4 ring of protection (left hand)
Wands
 u - a wand of flame (27)
Scrolls
 m - a scroll of enchant weapon
 o - a scroll of brand weapon
 q - 2 scrolls of teleportation
 v - a scroll of torment {unknown}
 y - 2 scrolls of identify
 B - a scroll of silence {unknown}
Potions
 d - 2 potions of might
 e - a potion of berserk rage {unknown}
 h - a potion of haste {unknown}
 k - a potion of brilliance {unknown}
 l - a potion of mutation {unknown}
 s - a potion of degeneration {unknown}
 t - a potion of cancellation {unknown}
 z - a potion of heal wounds {unknown}


   Skills:
 + Level 5.6 Fighting
 + Level 5.8 Axes
 + Level 4.8 Armour
 + Level 0.8 Dodging
 + Level 0.5 Stealth
 + Level 4.8 Shields
 + Level 0.3 Evocations


You had 7 spell levels left.
You didn't know any spells.
Your spell library contained the following spells:

 Spells                   Type           Power      Damage    Failure   Level
 Dazzling Flash           Conj/Hex       0%         N/A       100%        3
 Iskenderun's Mystic Bla  Conj/Tloc      0%         2d3       100%        4
 Olgreb's Toxic Radiance  Pois           0%         N/A       100%        4
 Starburst                Conj/Fire      0%         6d3       100%        6
 Ozocubu's Refrigeration  Ice            0%         4d5       100%        7
 Ignition                 Fire           0%         3d3       100%        8


Dungeon Overview and Level Annotations

Branches:
Dungeon (5/15)
 Temple: D:4-7

Altars:
Makhleb

Annotations:
D:1 1 runed translucent door
D:4 3 runed translucent doors, zoefcunningham's ghost, amateur MiBe


Innate Abilities, Weirdness & Mutations

You cannot be hasted, slowed, berserked, paralysed or teleported.
You can dig through walls and to a lower floor.
You have a pair of large antennae on your head. (SInv)
Your four strong arms can wield two-handed weapons with a shield.


Message History

The howler monkey is moderately wounded.
The howler monkey hits you but does no damage.
You hit the howler monkey.
The howler monkey is moderately wounded.
The howler monkey barely misses you.
You slash the howler monkey!
The howler monkey is severely wounded.
The howler monkey hoots and howls with incredible vigour! x2
You hear a shout!
You hit the howler monkey but do no damage.
The howler monkey is severely wounded.
The howler monkey hits you but does no damage.
You barely miss the howler monkey.
The howler monkey is severely wounded.
The howler monkey hits you but does no damage.
You slash the howler monkey!
You kill the howler monkey!
You have reached level 8!
You feel clever.
An ogre comes into view. It is wielding a +0 giant spiked club.
The ogre shouts!
An ogre is nearby!
You barely miss the ogre. The ogre closely misses you.
You slash the ogre!
The ogre is moderately wounded.
The ogre hits you with a +0 giant spiked club!
You barely miss the ogre.
The ogre is moderately wounded.
The ogre hits you with a +0 giant spiked club!
You completely miss the ogre.
The ogre is moderately wounded.
The ogre hits you with a +0 giant spiked club!!
You are too injured to fight recklessly!
You are too injured to fight recklessly!
You slash the ogre!
The ogre is heavily wounded.
You slash the ogre!
The ogre is almost dead.
The ogre hits you with a +0 giant spiked club!!
You die...

#...........#........#
#...........#........#
#....................#
..........#..........#
..........#..........#
..........#..........#
..#.......#....#########
..'.......'...>.........
..#.......#.....@.#####
..#.......###...O.#
..####....#.......#
..........#........
...............####.
...............### ..
............##.#.# .#
#................ ..
#............#.#


You could see an ogre.

Vanquished Creatures
  Menkaure (D:5)
  An ogre (D:4)
  A scorpion (D:5)
  A water moccasin zombie (D:5)
  A howler monkey (D:5)
  2 hounds
  A bullfrog zombie (D:5)
  A jelly (D:4)
  2 orc priests
  An orc wizard (D:2)
  3 gnolls
  2 river rats (D:5)
  6 adders
  A white imp (D:5)
  An adder skeleton (D:4)
  2 worms
  3 dart slugs
  11 orcs
  2 ball pythons (D:1)
  5 endoplasms
  A giant cockroach (D:4)
  2 goblins
  7 hobgoblins
  3 jackals (D:3)
  A quokka (D:4)
  3 bats
  3 kobolds
  5 rats
73 creatures vanquished.

Vanquished Creatures (others)
  13 plants (D:3)
13 creatures vanquished.

Grand Total: 86 creatures vanquished

Notes
Turn   | Place    | Note
-------+----------+-------------------------------------------
     0 | D:1      | ChickenMitten the Formicid Fighter began the quest for the
                  | Orb.
     0 | D:1      | Reached XP level 1. HP: 18/18 MP: 1/1
     1 | D:1      | Found a runed translucent door.
   232 | D:1      | Reached XP level 2. HP: 24/24 MP: 2/2
   590 | D:2      | Reached XP level 3. HP: 24/29 MP: 3/3
   787 | D:2      | Reached XP level 4. HP: 32/37 MP: 4/4
   858 | D:3      | Reached XP level 5. HP: 27/42 MP: 5/5
  1267 | D:4      | Found a burning altar of Makhleb.
  1279 | D:4      | Reached XP level 6. HP: 43/48 MP: 6/6
  1451 | D:5      | Entered Level 5 of the Dungeon
  1461 | D:5      | Noticed Menkaure
  1542 | D:4      | Noticed an ogre
  1547 | D:4      | Killed an ogre
  1595 | D:4      | Noticed zoefcunningham's ghost (amateur MiBe)
  1597 | D:4      | Found a runed translucent gate.
  1597 | D:4      | Found a runed translucent gate.
  1597 | D:4      | Noticed an ice beast
  1648 | D:4      | Found a runed translucent gate.
  1862 | D:3      | Reached skill level 5 in Axes
  2203 | D:5      | Killed Menkaure
  2204 | D:5      | Reached XP level 7. HP: 55/55 MP: 7/7
  2451 | D:5      | Reached skill level 5 in Fighting
  2934 | D:5      | Reached XP level 8. HP: 64/64 MP: 8/8
  2943 | D:5      | Slain by an ogre

Illustrated notes

Levels and vault maps discovered:
D:1:      dpeg_arrival_caged_fury, layout_rooms, supply_closet_lemuel,
          minivault_27, minmay_tromino_v2
D:2:      layout_loops_ring, hellmonk_ecumenical_altar_zigzags, minivault_11
D:3:      layout_basic, nicolae_grassy_gnolls, uniq_sigmund
D:4:      layout_rooms, makhleb_blood_cavern_becter, gammafunk_ghost_split,
          minivault_1
D:5:      layout_basic, lightli_sewer_entry_pipes, minmay_misc_feat_doors,
          uniq_ijyb, uniq_menkaure

Skill      XL: |  1  2  3  4  5  6  7 |
---------------+----------------------+-----
Shields        | 4 |  4.8
Axes           | 3 4 5 |  5.8
Fighting       | 4 5 |  5.6
Armour         | 4 |  4.8
Dodging        | |  0.8
Stealth        | |  0.5
Evocations     | |  0.3

Action                   |  1- 3 |  4- 6 |  7- 9 || total
-------------------------+-------+-------+-------++-------
Melee: War axe           |    70 |    86 |    69 ||   225
       Hand axe          |       |       |    29 ||    29
 Abil: Dig               |       |     1 |       ||     1
Evoke: Wand              |       |     4 |       ||     4
  Use: Scroll            |       |     4 |       ||     4
Armor: Scale mail        |     4 |       |       ||     4
       Chain mail        |    22 |    53 |    58 ||   133
Dodge: Dodged            |    24 |    23 |    38 ||    85
Block: Buckler           |    14 |    24 |    19 ||    57
